 Dungeon Crawl Stone Soup version 0.24-a0-500-g46574c2197 (webtiles) character file.

Game seed: 17765936463360006716

352654 deorigin the Brawler (level 21, -10/217 HPs)
             Began as a Troll Monk on July 15, 2019.
             Was a High Priest of Ru.
             Killed from afar by an ogre mage (25 damage)
             ... with a bolt of poison
             ... on level 2 of the Depths on July 16, 2019.
             The game lasted 02:32:12 (42507 turns).

deorigin the Brawler (Troll Monk)                  Turns: 42507, Time: 02:32:12

Health: -10/217    AC: 10    Str: 30    XL:     21   Next: 32%
Magic:  17/23      EV: 32    Int:  8    God:    Ru [*****.]
Gold:   2780       SH: 31    Dex: 15    Spells: 24/28 levels left

rFire    + + .     SeeInvis .     - Unarmed
rCold    . . .     Gourm    +   x - +10 large shield of Ignorance {rN+ Int-4}
rNeg     + . .     Faith    .   J - +0 fire dragon scales
rPois    .         Spirit   .   c - +1 hat
rElec    .         Reflect  .   H - +1 cloak "Uticet" {Int+4 Dex+3}
rCorr    .         Harm     .   (gloves unavailable)
MR       +....                  (boots unavailable)
Stlth    ..........             E - amulet of the acrobat
HPRegen  0.86/turn              y - ring of protection from cold
MPRegen  0.18/turn              B - +4 ring of evasion

@: lethally poisoned (-10 -> -11), exhausted, corroded, acrobat, slowed,
drained, very slow
A: large, unfitting armour, claws 3, fast metabolism 3, gourmand, low mp 1,
regeneration 1, shaggy fur 1, tough skin 3, no stealth, inability to use
devices, hated by all, no earth magic, no necromancy magic, no summoning magic,
disrupted magic 2
}: 2/15 runes: barnacled, gossamer
a: Draw Out Power, Power Leap, Apocalypse, Renounce Religion


You were on level 2 of the Depths.
You worshipped Ru.
Ru was extremely pleased with you.
You were very full.

You visited 8 branches of the dungeon, and saw 38 of its levels.
You also visited: Sewer and Ossuary.

You collected 4385 gold pieces.
You spent 1605 gold pieces at shops.

Inventory:

Missiles
 j - 108 boomerangs
 m - 11 boomerangs of dispersal
 n - 73 javelins
 u - 93 large rocks (quivered)
 A - 8 throwing nets
 L - 14 curare-tipped darts
 W - 28 silver boomerangs
 X - 56 silver javelins
Armour
 c - a +1 hat (worn)
 l - the +3 large shield of Cuit {+Fly rPois rC-}
   (You acquired it on level 3 of the Vaults)

   It makes you vulnerable to cold.
   It protects you from poison.
   It lets you fly.
 x - the +10 large shield of Ignorance (worn) {rN+ Int-4}
   (You found it on level 11 of the Dungeon)

   It affects your intelligence (-4).
   It protects you from negative energy.
 G - a scarf of spirit shield
 H - the +1 cloak "Uticet" (worn) {Int+4 Dex+3}
   (You bought it in a shop on level 9 of the Dungeon)

   It affects your intelligence (+4).
   It affects your dexterity (+3).
 I - +0 acid dragon scales
 J - +0 fire dragon scales (worn)
 V - the +2 shield of Awe {Int+10}
   (You acquired it on level 4 of the Shoals)

   It affects your intelligence (+10).
Jewellery
 e - an uncursed ring of wizardry
 f - the ring "Uskuur" {rPois MP+9 Str-2 Int+7 Stlth-}
   (You found it on level 4 of the Shoals)

   [ring of poison resistance]

   It affects your strength (-2).
   It affects your intelligence (+7).
   It protects you from poison.
   It affects your magic capacity (+9).
   It makes you less stealthy.
 y - a ring of protection from cold (left claw)
 B - a +4 ring of evasion (right claw)
 E - an amulet of the acrobat (around neck)
 N - an uncursed ring of protection from magic
 R - an uncursed amulet of magic regeneration
 U - a +4 ring of strength
 Y - an uncursed ring of fire
Scrolls
 a - a scroll of holy word
 g - 13 scrolls of blinking
 p - 3 scrolls of enchant weapon
 r - 10 scrolls of teleportation
 v - a scroll of silence
 D - 13 scrolls of remove curse
 K - 2 scrolls of brand weapon
 O - 4 scrolls of magic mapping
 P - 5 scrolls of enchant armour
 Q - 4 scrolls of fog
 T - 5 scrolls of identify
Potions
 d - 4 potions of lignification
 h - 7 potions of haste
 i - 5 potions of heal wounds
 k - 9 potions of brilliance
 o - 2 potions of magic
 q - 2 potions of berserk rage
 s - 4 potions of might
 t - 3 potions of resistance
 w - 13 potions of flight
 z - 9 potions of curing
 C - 3 potions of agility
 F - 2 potions of invisibility
 M - 6 potions of ambrosia
 S - 2 potions of cancellation
Comestibles
 b - 61 rations
 Z - 3 chunks of flesh


   Skills:
 - Level 14.9(13.7) Fighting
 - Level 10.0(8.9) Throwing
 - Level 10.4(9.3) Armour
 - Level 10.4(9.3) Dodging
 - Level 15.0(13.8) Shields
 - Level 20.0(18.6) Unarmed Combat
 - Level 4.2(3.3) Spellcasting
 + Level 3.3(2.4) Hexes
 - Level 5.7(4.8) Translocations


You had 24 spell levels left.
You knew the following spells:

 Your Spells              Type           Power        Failure   Level  Hunger
a - Confusing Touch       Hex            #.....       47%         1    ##.....
b - Portal Projectile     Hex/Tloc       #.....       67%         3    ####...

Your spell library contained the following spells:

 Spells                   Type           Power        Failure   Level  Hunger
 Gell's Gravitas          Tloc           #.........   52%         3    ####...
 Sting                    Conj/Pois      #...         78%         1    ##.....
 Confuse                  Hex            #.......     82%         3    ####...
 Poisonous Vapours        Pois/Air       #.....       88%         2    ###....
 Ignite Poison            Fire/Tmut/Pois #.......     98%         3    ####...
 Mephitic Cloud           Conj/Pois/Air  #.......     98%         3    ####...
 Force Lance              Conj/Tloc      #.......     99%         4    #####..
 Olgreb's Toxic Radiance  Pois           #.......     100%        4    #####..
 Alistair's Intoxication  Tmut/Pois      #.......     100%        5    ######.
 Irradiate                Conj/Tmut      #.........   100%        5    ######.
 Metabolic Englaciation   Hex/Ice        #.........   100%        5    ######.
 Venom Bolt               Conj/Pois      #.........   100%        5    ######.
 Yara's Violent Unravell  Hex/Tmut       #.........   100%        5    ######.
 Dispersal                Tloc           #.........   100%        6    #######
 Controlled Blink         Tloc           N/A          100%        8    #######
 Disjunction              Tloc           #.........   100%        8    #######
 Animate Skeleton         Necr           Unusable     N/A         1    N/A
 Pain                     Necr           Unusable     N/A         1    N/A
 Summon Butterflies       Summ           Unusable     N/A         1    N/A
 Recall                   Summ/Tloc      Unusable     N/A         3    N/A
 Sublimation of Blood     Necr           Unusable     N/A         2    N/A
 Call Canine Familiar     Summ           Unusable     N/A         3    N/A
 Regeneration             Chrm/Necr      Unusable     N/A         3    N/A
 Vampiric Draining        Necr           Unusable     N/A         3    N/A
 Animate Dead             Necr           Unusable     N/A         4    N/A
 Petrify                  Tmut/Erth      Unusable     N/A         4    N/A
 Summon Ice Beast         Ice/Summ       Unusable     N/A         4    N/A
 Borgnjor's Vile Clutch   Necr/Erth      Unusable     N/A         5    N/A
 Summon Mana Viper        Hex/Summ       Unusable     N/A         5    N/A
 Death Channel            Necr           Unusable     N/A         6    N/A
 Simulacrum               Ice/Necr       Unusable     N/A         6    N/A
 Summon Hydra             Summ           Unusable     N/A         7    N/A

Dungeon Overview and Level Annotations

Branches:
Dungeon (15/15)            Temple (1/1) D:7            Lair (6/6) D:10
 Shoals (4/4) Lair:3       Spider (4/4) Lair:4        Slime (0/5) Lair:5
    Orc (2/2) D:11            Elf (0/3) Orc:2        Vaults (4/5) D:13
  Crypt (0/3) Vaults:2     Depths (2/5) D:15

Altars:
Ashenzari
Cheibriados
Dithmenos
Elyvilon
Fedhas
Gozag
Hepliaklqana
Kikubaaqudgha
Makhleb
Nemelex Xobeh
Okawaru
Qazlal
Ru
Sif Muna
Trog
Uskayaw
Vehumet
Wu Jian
Xom
Yredelemnul
Zin
The Shining One
Beogh

Shops:
D:4 (   D:8 }   D:9 !([   Orc:2 ![((*   Vaults:2 %   Vaults:3 *   Vaults:4 [
Depths:1 **

Portals:
Hell: Depths:1

Annotations:
D:11 2 runed translucent doors, exclusion: 4 orange crystal statues, KristoblXynda's ghost, journeyman DrGl
Lair:4 1 runed translucent door


Innate Abilities, Weirdness & Mutations

You are too large for most types of armour.
You have claws for hands.
Your metabolism is lightning-fast.
You like to eat raw meat.
Your magical capacity is low. (-10% MP)
Your natural rate of healing is unusually fast.
You are covered in fur. (AC +1)
You have extremely tough skin. (AC +3)
You cannot be stealthy.
You cannot study or use magical devices.
You are hated by all.
You cannot study or cast Earth magic.
You cannot study or cast Necromancy magic.
You cannot study or cast Summoning magic.
Your casting is disrupted.


Message History

The fire giant burns you.
* * * LOW HITPOINT WARNING * * *
Something hits you but does no damage.
The fire giant gestures at you while chanting.
The bolt of fire misses you.
You feel much better.
The fire giant gestures at you while chanting.
The fireball explodes!
The fireball engulfs you! You resist.
* * * LOW HITPOINT WARNING * * *
The fireball engulfs the fire giant!
The fire giant resists.
The fire giant dies!
You block something's attack.
Unknown command.
Unknown command.
Unknown command.
You hear some strange, mumbled words.
A bolt of poison appears from out of thin air!
The bolt of poison hits you!!
You are poisoned.
You die...

#+####
##+####....##
#...........#
#...........# .
#.).....(...#
....#...[..((...#
....'...†(.(....+
....#.†.).@([...#
... #..{.###[(.## #
#.(..###(..#
............(#
.............#
##########.########
#.........
#O........
##.......##


There were no monsters in sight!

Vanquished Creatures
  Nikola (Spider:1)
  Jorgrun (D:12)
  A titan (Depths:1)
  A kraken (Shoals:3)
  Frances (Shoals:1)
  An ancient champion (Vaults:2)
  3 sphinxes
  5 fire giants
  5 ghost moths
  2 frost giants (Depths:1)
  Louise (D:15)
  5 emperor scorpions
  11 vault wardens
  Aizul (Vaults:4)
  A caustic shrike zombie (D:15)
  3 orc warlords (Orc:2)
  14 ironheart preservers
  14 stone giants
  A vampire knight (Depths:1)
  Nessos (Lair:4)
  4 very ugly things
  5 entropy weavers
  A deep elf annihilator (Vaults:4)
  A dire elephant (Lair:6)
  A spark wasp (Depths:1)
  8 merfolk javelineers
  4 deep elf death magi
  Josephine (Spider:1)
  6 merfolk impalers
  7 ettins
  6 yaktaur captains
  5 fire dragons
  3 small abominations (Vaults:4)
  3 rakshasas
  14 ogre magi
  4 ice dragons
  5 hydras
  2 great orbs of eyes
  15 vault guards
  An anaconda (shapeshifter) (Depths:1)
  15 centaur warriors
  A spriggan air mage (Depths:2)
  3 death knights (Vaults:2)
  2 merfolk aquamancers (Shoals:4)
  24 two-headed ogres
  2 deep troll shamans (Vaults:2)
  4 satyrs
  2 catoblepae
  2 tengu warriors (Depths:1)
  A hell hog (Depths:1)
  6 death yaks
  A deep troll earth mage (Vaults:1)
  A naga sharpshooter (Depths:1)
  A soul eater (Vaults:2)
  Sonja (D:11)
  5 deep elf knights
  An orc high priest (Orc:2)
  Nergalle (D:11)
  7 skeletal warriors
  2 glowing orange brains
  11 sea snakes
  A kraken simulacrum (Shoals:4)
  4 unseen horrors
  2 flayed ghosts
  9 deep trolls
  3 wizards
  A glowing orange brain (shapeshifter) (Vaults:3)
  Pikel (D:5)
  26 harpies
  14 ironbrand convokers
  2 phantasmal warriors (Depths:2)
  A harpy (shapeshifter) (Vaults:1)
  9 deep elf archers
  20 orb spiders
  3 necromancers
  47 ugly things
  An iron dragon zombie (D:15)
  35 wolf spiders
  9 deep elf magi
  13 orc knights
  2 lindwurms (Lair:6)
  A frost giant zombie (D:15)
  22 fauns
  15 cyclopes
  5 orc sorcerers
  14 manticores
  21 elephants
  A moth of wrath (Spider:4)
  A guardian serpent (shapeshifter) (Vaults:2)
  A naga mage (Depths:1)
  A salamander (shapeshifter) (Vaults:3)
  A black mamba (shapeshifter) (Vaults:1)
  A water nymph (shapeshifter) (Vaults:1)
  Joseph (D:7)
  6 black mambas
  14 vault sentinels
  8 water nymphs
  A fire giant skeleton (Vaults:2)
  2 gargoyles
  5 centaur skeletons
  A spiny frog (shapeshifter) (Vaults:4)
  6 spiny frogs
  3 torpor snails
  4 kobold demonologists
  4 rime drakes
  20 yaktaurs
  11 demonic crawlers
  7 komodo dragons
  A yaktaur (shapeshifter) (Depths:1)
  3 freezing wraiths
  2 human skeletons (Vaults:2)
  2 tengu conjurers (Depths:1)
  2 trolls (shapeshifter) (Vaults:1)
  4 trolls
  3 meliai (D:14)
  A polar bear (shapeshifter) (Depths:1)
  2 wolf spider simulacra (Vaults:1)
  22 merfolk
  10 wind drakes
  8 hornets
  Prince Ribbit (D:7)
  A blink frog (Lair:6)
  32 jumping spiders
  Grinder (D:3)
  14 slime creatures
  A meliai zombie (D:12)
  6 dream sheep
  9 hippogriffs
  A hippogriff (shapeshifter) (Vaults:1)
  8 snapping turtles
  A fire giant simulacrum (Vaults:2)
  9 water elementals
  3 vampires
  50 redbacks
  4 wyverns
  31 tarantellas
  An ice dragon skeleton (D:15)
  A human (D:10)
  5 wraiths
  4 hogs (D:10)
  A steam dragon (D:6)
  8 basilisks
  30 yaks
  10 vampire mosquitoes
  3 hungry ghosts
  A naga (Depths:1)
  9 hell hounds (Depths:1)
  2 soldier ants
  6 wargs
  9 water moccasins
  Duvessa (D:6)
  5 acid dragons
  8 porcupines
  57 orc warriors
  6 sky beasts
  2 sky beasts (shapeshifter)
  6 ice beasts
  3 hornet zombies
  A slave (D:5)
  A black bear (D:13)
  4 wolves (Lair:4)
  12 boggarts
  3 phantoms
  32 centaurs
  3 eyes of draining
  36 ogres
  An orc skeleton (Vaults:2)
  10 crocodiles
  Blork the orc (D:5)
  3 big kobolds
  18 bullfrogs
  4 elf zombies (Ossuary)
  A gnoll sergeant (D:6)
  2 wyvern zombies
  Dowan (D:6)
  A wyvern skeleton (D:13)
  5 scorpions
  A water moccasin skeleton (D:8)
  26 killer bees
  6 wights
  2 howler monkeys (D:11)
  8 electric eels
  8 crimson imps
  13 jellies
  A quasit (D:14)
  A bullfrog zombie (D:10)
  3 centaur zombies
  29 orc priests
  8 hounds
  27 orc wizards
  11 worker ants
  4 iguanas
  5 hell rats (Lair:6)
  9 merfolk sirens
  4 merfolk avatars
  A hound zombie (D:6)
  A hound skeleton (D:6)
  2 mummies (Ossuary)
  A howler monkey skeleton (D:3)
  5 gnolls
  17 adders
  4 river rats (Sewer)
  4 shadow imps
  A white imp (Vaults:2)
  An ooze (D:2)
  3 adder zombies
  An adder skeleton (D:6)
  8 worms
  A dart slug (D:3)
  4 leopard geckos
  145 orcs
  6 ball pythons
  4 bats
  7 giant cockroaches
  8 goblins
  11 hobgoblins
  8 jackals
  6 quokkas
  6 frilled lizards
  9 hobgoblin zombies (Ossuary)
  A jackal skeleton (D:4)
  A jackal zombie (Ossuary)
  27 kobolds
  7 kobold zombies (Ossuary)
  2 leopard gecko skeletons
  10 orc zombies (Ossuary)
  A quokka zombie (D:8)
  27 rats
  3 rat zombies
  2 crawling corpses (Vaults:4)
  11 plants (Shoals:4)
  4 tentacles
  A withered plant (Shoals:3)
1718 creatures vanquished.

Vanquished Creatures (others)
  Mara (Vaults:4)
  A sphinx (Depths:2)
  A fire giant (Depths:2)
  A vault warden (Vaults:1)
  An ettin (Vaults:1)
  An ogre mage (Depths:2)
  2 hydras
  A merfolk aquamancer (Shoals:4)
  2 two-headed ogres (D:15)
  A shadow wraith (D:10)
  An unseen horror (D:10)
  2 fauns (Shoals:3)
  A wolf spider (Spider:3)
  A manticore (Shoals:1)
  A cyclops (Shoals:2)
  A yaktaur (Vaults:3)
  A jumping spider (Spider:4)
  2 tarantellas (Spider:4)
  2 boggarts
  A crocodile (Lair:3)
  9 orcs
  A kobold (D:15)
  A hobgoblin zombie (Ossuary)
  11 fungi
  11 plants
  12 tentacles (Shoals:3)
  3 withered plants (D:15)
73 creatures vanquished.

Grand Total: 1791 creatures vanquished

Notes
Turn   | Place    | Note
-------+----------+-------------------------------------------
     0 | D:1      | deorigin the Troll Monk began the quest for the Orb.
     0 | D:1      | Reached XP level 1. HP: 22/22 MP: 0/0
    95 | D:1      | Reached XP level 2. HP: 29/29 MP: 1/1
   344 | D:1      | Reached XP level 3. HP: 36/36 MP: 2/2
   905 | D:2      | You fall into a shaft and drop 1 floor!
   906 | D:3      | Reached skill level 4 in Unarmed Combat
   994 | D:3      | Reached XP level 4. HP: 44/45 MP: 3/3
  1490 | D:2      | Reached skill level 5 in Unarmed Combat
  1490 | D:2      | Reached XP level 5. HP: 39/53 MP: 4/4
  2002 | D:3      | Reached skill level 1 in Throwing
  2198 | D:3      | Noticed Grinder
  2206 | D:3      | Killed Grinder
  2206 | D:3      | Reached skill level 6 in Unarmed Combat
  2206 | D:3      | Reached XP level 6. HP: 38/61 MP: 5/5
  2654 | D:4      | Found an opulent altar of Gozag.
  2716 | D:4      | Found Moang's Weapon Boutique.
  2816 | D:4      | Reached skill level 7 in Unarmed Combat
  2816 | D:4      | Reached XP level 7. HP: 37/67 MP: 6/6
  2941 | D:4      | Found a glowing drain.
  2957 | Sewer    | Entered a sewer
  3615 | D:5      | Entered Level 5 of the Dungeon
  3707 | D:5      | Reached skill level 8 in Unarmed Combat
  3804 | D:5      | You fall into a shaft and drop 1 floor!
  3847 | D:6      | Reached XP level 8. HP: 62/75 MP: 7/7
  4018 | D:6      | Noticed Dowan
  4019 | D:6      | Noticed Duvessa
  4034 | D:6      | Killed Duvessa
  4034 | D:6      | Reached skill level 9 in Unarmed Combat
  4040 | D:6      | Killed Dowan
  4316 | D:5      | Noticed Pikel
  4331 | D:5      | Killed Pikel
  4331 | D:5      | Reached skill level 10 in Unarmed Combat
  4331 | D:5      | Reached XP level 9. HP: 67/84 MP: 8/8
  4541 | D:5      | Noticed Blork the orc
  4546 | D:5      | Killed Blork the orc
  4682 | D:6      | Found a sparkling altar of Nemelex Xobeh.
  4795 | D:6      | Reached skill level 11 in Unarmed Combat
  5034 | D:6      | Reached skill level 5 in Throwing
  5561 | D:7      | Noticed Prince Ribbit
  5587 | D:7      | Killed Prince Ribbit
  5737 | D:7      | Reached skill level 12 in Unarmed Combat
  5821 | D:7      | Found a shimmering altar of Xom.
  5835 | D:7      | Reached XP level 10. HP: 78/94 MP: 9/9
  6058 | D:7      | Noticed Joseph
  6195 | D:7      | Killed Joseph
  6305 | D:7      | Found a staircase to the Ecumenical Temple.
  6315 | Temple   | Entered the Ecumenical Temple
  6675 | D:8      | Reached skill level 13 in Unarmed Combat
  6713 | D:8      | Found a sacrificial altar of Ru.
  6714 | D:8      | Found a blossoming altar of Fedhas.
  6714 | D:8      | Found an ancient bone altar of Kikubaaqudgha.
  6720 | D:8      | Became a worshipper of Ru the Awakened
  6747 | D:8      | Gained mutation: You cannot study or use magical devices.
                  | [Ru sacrifice]
  6747 | D:8      | Reached * piety under Ru
  6747 | D:8      | Reached ** piety under Ru
  6758 | D:8      | Found a sand-covered staircase.
  6782 | Ossuary  | Entered an ossuary
  7281 | D:8      | Found Gint's Gadget Shop.
  7998 | D:9      | Found a deep blue altar of Sif Muna.
  8022 | D:9      | Found Toumod's Distillery.
  8031 | D:9      | Bought a potion of berserk rage for 80 gold pieces
  8031 | D:9      | Bought a potion of curing for 48 gold pieces
  8031 | D:9      | Bought a potion of curing for 48 gold pieces
  8031 | D:9      | Bought a potion of might for 64 gold pieces
  8031 | D:9      | Bought 2 potions of curing for 96 gold pieces
  8141 | D:9      | Found Fyfel's Antique Armour Shop.
  8148 | D:9      | Bought a distressingly furry cloak for 228 gold pieces
  8158 | D:9      | Identified the +1 cloak "Uticet" {Int+4 Dex+3} (You bought
                  | it in a shop on level 9 of the Dungeon)
  8168 | D:9      | Found Qoneim's Antique Weapon Emporium.
  8172 | D:9      | Gained mutation: You cannot study or cast Earth magic. [Ru
                  | sacrifice]
  8172 | D:9      | Gained mutation: You cannot study or cast Necromancy magic.
                  | [Ru sacrifice]
  8172 | D:9      | Gained mutation: You cannot study or cast Summoning magic.
                  | [Ru sacrifice]
  8172 | D:9      | Reached *** piety under Ru
  8466 | D:10     | Entered Level 10 of the Dungeon
  8466 | D:10     | Found a large runed translucent door.
  8466 | D:10     | Found a large runed translucent door.
  8481 | D:10     | Killed a shadow wraith
  8481 | D:10     | Reached skill level 5 in Fighting
  8486 | D:9      | Reached skill level 14 in Unarmed Combat
  8591 | D:10     | Reached XP level 11. HP: 102/102 MP: 10/10
  8835 | D:10     | Reached skill level 1 in Armour
  8891 | D:10     | Killed an unseen horror
  9214 | D:10     | Found a staircase to the Lair.
  9493 | D:10     | Learned a level 1 spell: Confusing Touch
  9564 | D:10     | Found a shadowy altar of Dithmenos.
  9564 | D:10     | Noticed a two-headed ogre
  9568 | D:10     | Noticed a mana viper
  9649 | D:11     | Noticed a soul eater
  9793 | D:11     | Found a staircase to the Orcish Mines.
  9814 | D:11     | Noticed Sonja
  9823 | D:11     | Killed Sonja
 10104 | D:11     | Found a runed translucent door.
 10104 | D:11     | Noticed a stone giant
 10108 | D:11     | Noticed KristoblXynda's ghost (journeyman DrGl)
 10128 | D:11     | Reached skill level 1 in Hexes
 10332 | D:11     | Noticed Nergalle
 10345 | D:11     | Killed Nergalle
 10445 | D:11     | Killed an unseen horror
 10445 | D:11     | Reached skill level 15 in Unarmed Combat
 10474 | D:11     | Found a runed translucent door.
 10478 | D:11     | Found the +10 large shield of Ignorance {rN+ Int-4}
 10481 | D:11     | Noticed an orange crystal statue
 10481 | D:11     | Noticed an orange crystal statue
 10481 | D:11     | Noticed an orange crystal statue
 10481 | D:11     | Noticed an orange crystal statue
 10484 | D:11     | Found a runed translucent door.
 10488 | D:11     | Noticed a six-headed hydra
 10884 | D:12     | Reached skill level 1 in Shields
 11078 | D:12     | Reached XP level 12. HP: 58/111 MP: 11/11
 11157 | D:12     | Found a roughly hewn altar of Beogh.
 11380 | D:12     | Noticed a four-headed hydra
 11381 | D:12     | Noticed Jorgrun
 11436 | Lair:1   | Entered Level 1 of the Lair of Beasts
 11560 | Lair:1   | Reached skill level 5 in Shields
 12235 | Lair:2   | Noticed an eight-headed hydra
 12238 | Lair:2   | Killed an eight-headed hydra
 13270 | Lair:3   | Noticed a death yak
 13270 | Lair:3   | Noticed a death yak
 13270 | Lair:3   | Noticed a death yak
 13306 | Lair:3   | Killed a death yak
 13325 | Lair:3   | Killed a death yak
 13331 | Lair:3   | Killed a death yak
 13940 | Lair:3   | Found a staircase to the Shoals.
 14395 | Lair:4   | Gained mutation: You are hated by all. [Ru sacrifice]
 14657 | Lair:4   | Reached XP level 13. HP: 92/119 MP: 12/12
 14800 | Lair:4   | Noticed Nessos
 14838 | Lair:4   | Killed Nessos
 14838 | Lair:4   | Reached skill level 10 in Shields
 14919 | Lair:4   | Found a hole to the Spider Nest.
 15000 | Lair:4   | Found a runed translucent door.
 15382 | Lair:5   | Found a staircase to the Slime Pits.
 15739 | Lair:6   | Entered Level 6 of the Lair of Beasts
 15926 | Lair:6   | Gained mutation: You cannot be stealthy. [Ru sacrifice]
 15926 | Lair:6   | Reached **** piety under Ru
 16364 | Lair:6   | Noticed a dire elephant
 16415 | Lair:6   | Killed a dire elephant
 17516 | Lair:6   | Reached XP level 14. HP: 81/127 MP: 13/13
 18361 | D:12     | Killed Jorgrun
 18700 | D:12     | Gained mutation: Your casting is slightly disrupted. [Ru
                  | sacrifice]
 18958 | D:13     | Found a gate to the Vaults.
 19129 | D:13     | You fall into a shaft and drop 1 floor!
 20212 | D:14     | Found a blossoming altar of Fedhas.
 20295 | D:14     | Reached skill level 15 in Shields
 20296 | D:14     | Gained mutation: Your magical capacity is low. (-10% MP)
                  | [Ru sacrifice]
 20296 | D:14     | Reached ***** piety under Ru
 20644 | D:15     | Entered Level 15 of the Dungeon
 20768 | D:15     | Noticed Louise
 20772 | D:15     | Killed Louise
 20772 | D:15     | Reached XP level 15. HP: 63/139 MP: 4/12
 20953 | D:15     | Found a staircase to the Depths.
 21293 | D:15     | Reached skill level 5 in Dodging
 21897 | Spider:1 | Entered Level 1 of the Spider Nest
 21968 | Shoals:1 | Entered Level 1 of the Shoals
 21984 | Shoals:1 | Reached skill level 5 in Armour
 22461 | Shoals:1 | Noticed Frances
 22483 | Shoals:1 | Killed Frances
 22939 | Shoals:2 | You fall into a shaft and drop 1 floor!
 22940 | Shoals:3 | Noticed a kraken
 22993 | Shoals:3 | Killed a kraken
 23483 | Shoals:2 | Reached XP level 16. HP: 112/154 MP: 13/13
 25250 | Shoals:3 | Reached skill level 10 in Fighting
 25618 | Shoals:4 | Entered Level 4 of the Shoals
 25639 | Shoals:4 | Reached skill level 10 in Throwing
 26159 | Shoals:4 | Identified a scroll of acquirement
 26164 | Shoals:4 | Got a jewelled shield
 26165 | Shoals:4 | Identified the +2 shield of Awe {Int+10} (You acquired it
                  | on level 4 of the Shoals)
 26533 | Shoals:4 | HP: 6/161 [merfolk impaler/+2 trident of freezing (4)]
 26537 | Shoals:3 | HP: 1/161 [sea snake (8)]
 26931 | Shoals:4 | Got a barnacled rune of Zot
 27273 | Shoals:4 | Got a shimmering tin ring
 27275 | Shoals:4 | Identified the ring "Uskuur" {rPois MP+9 Str-2 Int+7
                  | Stlth-} (You found it on level 4 of the Shoals)
 27591 | Spider:1 | Reached XP level 17. HP: 170/170 MP: 14/14
 27755 | Spider:1 | Noticed Josephine
 27763 | Spider:1 | Killed Josephine
 27852 | Spider:1 | Noticed Nikola
 27878 | Spider:1 | Killed Nikola
 29706 | Spider:4 | Entered Level 4 of the Spider Nest
 30386 | Spider:3 | Reached skill level 16 in Unarmed Combat
 30658 | Spider:4 | Reached XP level 18. HP: 162/185 MP: 0/15
 31359 | Spider:4 | Got a gossamer rune of Zot
 31690 | Vaults:1 | Entered Level 1 of the Vaults
 31843 | Orc:1    | Entered Level 1 of the Orcish Mines
 32051 | Orc:2    | Entered Level 2 of the Orcish Mines
 32126 | Orc:2    | Found a roughly hewn altar of Beogh.
 32270 | Orc:2    | Reached skill level 17 in Unarmed Combat
 32378 | Orc:2    | Paralysed by an orc sorcerer for 5 turns
 32571 | Orc:1    | Gained mutation: Your casting is disrupted. [Ru sacrifice]
 32576 | Orc:1    | Found a radiant altar of Vehumet.
 32731 | Orc:2    | Found a roughly hewn altar of Beogh.
 33085 | Orc:2    | Found Konloish's Weapon Boutique.
 33097 | Orc:2    | Found a roughly hewn altar of Beogh.
 33155 | Orc:2    | Found a roughly hewn altar of Beogh.
 33177 | Orc:2    | Found Isaetewa's General Store.
 33264 | Orc:2    | Found a staircase to the Elven Halls.
 33360 | Orc:2    | Found a roughly hewn altar of Beogh.
 33381 | Orc:2    | Found Yfizahei's Distillery.
 33386 | Orc:2    | Bought a potion of haste for 140 gold pieces
 33386 | Orc:2    | Bought a potion of might for 56 gold pieces
 33490 | Orc:2    | Found Zetoemonn's Antique Weapon Emporium.
 33496 | Orc:2    | Found a roughly hewn altar of Beogh.
 33502 | Orc:2    | Found Puitouwn's Antique Armour Shoppe.
 33634 | Orc:2    | Bought an embroidered scarf for 296 gold pieces
 34410 | Vaults:1 | Reached skill level 18 in Unarmed Combat
 35158 | Vaults:1 | Reached XP level 19. HP: 122/196 MP: 16/16
 35580 | Vaults:1 | Reached skill level 19 in Unarmed Combat
 36046 | Vaults:2 | Found Joutifoy's Food Boutique.
 36812 | Vaults:2 | Found a staircase to the Crypt.
 37350 | Vaults:2 | Reached skill level 20 in Unarmed Combat
 37984 | Vaults:3 | Found Saff's General Store.
 37987 | Vaults:3 | Bought a scroll of blinking for 90 gold pieces
 38632 | Vaults:3 | Got a warped large shield
 38643 | Vaults:3 | Identified the +3 large shield of Cuit {+Fly rPois rC-}
                  | (You acquired it on level 3 of the Vaults)
 38938 | Vaults:4 | Reached XP level 20. HP: 187/208 MP: 17/17
 39397 | Vaults:4 | Reached skill level 10 in Armour
 39402 | Vaults:4 | Reached skill level 10 in Dodging
 39457 | Vaults:4 | Noticed Mara
 39477 | Vaults:4 | Noticed deorigin's illusion
 39478 | Vaults:4 | Killed Mara
 39664 | Vaults:4 | Found Ovoogawka's Antique Armour Shoppe.
 39686 | Vaults:4 | Noticed Aizul
 39707 | Vaults:4 | Killed Aizul
 39914 | Vaults:4 | Learned a level 3 spell: Portal Projectile
 40334 | Vaults:4 | Reached skill level 1 in Translocations
 40596 | Depths:1 | Entered Level 1 of the Depths
 40655 | Depths:1 | Reached skill level 1 in Spellcasting
 40910 | Depths:1 | Found Seimer's Serpentskin Sales.
 40936 | Depths:1 | Found a gateway to Hell.
 41286 | Depths:1 | Found Xufynt Nepu's Assorted Antiques.
 41294 | Depths:1 | Bought a potion of haste for 340 gold pieces
 41294 | Depths:1 | Bought a scroll of magic mapping for 119 gold pieces
 41690 | Depths:2 | Reached XP level 21. HP: 176/217 MP: 22/22
 42058 | Depths:1 | Reached skill level 5 in Translocations
 42491 | Depths:2 | Paralysed by an ogre mage for 2 turns
 42505 | Depths:2 | HP: 5/217 [fire giant/+2 great sword of flaming (35)]
 42505 | Depths:2 | HP: 1/217 [fire giant/+2 great sword of flaming (4)]
 42507 | Depths:2 | Killed from afar by an ogre mage

Levels and vault maps discovered:
D:1:      dpeg_arrival_morbid_curiosity, layout_loops_ring, minmay_3d_cube
D:2:      layout_basic, first_ration
D:3:      layout_basic, uniq_grinder
D:4:      layout_rooms, overflow_temple_1_default, serial_shops,
          kennysheep_little_box, portal_sewer_entry_d,
          chequers_serial_rivers_room_a, kennysheep_generic_room_11
D:5:      layout_gridville, uniq_pikel, uniq_blork_the_orc
D:6:      layout_basic, kennysheep_mini, uniq_duvessa
D:7:      layout_basic, old_standard_altar,
          minmay_temple_entry_drinking_statues, uniq_joseph, uniq_prince_ribbit1
D:8:      layout_cave_pools, gammafunk_temple_overflow_claw, serial_park,
          serial_park_tiny_2, serial_park_tiny_pond, serial_park_square2,
          serial_shops, nicolae_shop_competitors_out_of_business,
          enter_ossuary_4
D:9:      layout_loops_ring, serial_shops, shop, shop, nicolae_shop_statue_plus,
          basic_altar
D:10:     layout_basic, lair_entry_dummy, grunt_livestock, jmf_multi_god_temple2
D:11:     layout_loops_corners, hiddenorc2_lemuel, ebering_ghost_inner_flame,
          chequers_guarded_unrand_ignorance, uniq_sonja, uniq_nergalle
D:12:     layout_roguey [special_room_orc], uniq_jorgrun
D:13:     layout_irregular_city, david_vaults_5, serial_column_ruins,
          column_ruins_grid_1, column_ruins_grid_4, column_ruins_open_tiny,
          column_ruins_open_medium, column_ruins_columns_straight,
          column_ruins_corridor_dead_end
D:14:     layout_loops_corners, minmay_misc_feat_x, basic_altar
D:15:     gammafunk_depths_entry_grave, layout_basic, uniq_louise
Temple:   nicolae_temple_elliptical
Lair:1:   layout_misc_corridors, grunt_megastairs_1
Lair:2:   layout_roguey, chequers_serial_rivers_small_b,
          chequers_serial_rivers_micro_b, serial_bayou_lagoon_b,
          lemuel_fruit_fields
Lair:3:   layout_cave_pods, minmay_shoals_entry_hut
Lair:4:   dpeg_oklob_shooting_range, layout_regular_city,
          spider_nest_entry_rubble, pf_torpor_hydra, minmay_lair_oklob_chamber,
          serial_bayou_shore_a, uniq_nessos
Lair:5:   layout_gridlike, minmay_slime_entry_pillars,
          chequers_serial_rivers_room_a
Lair:6:   hangedman_lair_in_review, layout_cave_pods, minivault_25,
          nicolae_quartered_pool_super, lemuel_fruit_fields
Shoals:1: layout_shoals, uniq_frances
Shoals:2: layout_shoals, st_cyclops
Shoals:3: layout_shoals, argonaut_gorgonesque
Shoals:4: shoals_end_grunt_ice, layout_shoals
Spider:1: layout_spider_delve, uniq_nikola, uniq_josephine
Spider:2: layout_spider_delve
Spider:3: layout_spider_delve
Spider:4: grunt_spider_rune_island, guppyfry_spider_mini_2
Orc:1:    layout_caves, basic_altar
Orc:2:    grunt_orc_community_town_hall, layout_caves,
          grunt_orc_community_big_house_2, grunt_orc_community_big_house_1,
          grunt_orc_community_house_2, grunt_orc_community_house_1,
          grunt_orc_community_house_3, grunt_orc_community_house_3,
          serial_shops, nicolae_shop_stone, basic_altar
Vaults:1: hangedman_vaults_slither, nicolae_vaults_network_quincunx
          [nicolae_vaults_network_quincunx_subvault,
          nicolae_vaults_network_quincunx_subvault,
          nicolae_vaults_network_quincunx_subvault,
          nicolae_vaults_network_quincunx_subvault,
          nicolae_vaults_network_quincunx_subvault],
          hangedman_vaults_variations, ontoclasm_vaults_decontamination,
          dpeg_vaults_monster_row, vaults_mumra_hex,
          nicolae_vaults_an_arrangement, nicolae_vaults_little_squares_6,
          vaults_room_grid, nicolae_vaults_what_the_h,
          nicolae_vaults_big_angled_halls, vaults_room_ringed_pool,
          vaults_dpeg_encased_lava, layout_vaults_maze
Vaults:2: hangedman_vaults_stagger, v_misc_16, serial_ice_h,
          minmay_crypt_entry_simple_round, v_misc_31, v_misc_22,
          hangedman_vaults_snaps, nicolae_vaults_rhombus_7, grunt_vaults_focal,
          nicolae_vaults_specimen_jars, hangedman_vaults_river_flow,
          vaults_room_hallway, layout_vaults_omnicross, serial_shops,
          shop_statue
Vaults:3: ontoclasm_vaults_claustrophobia, vaults_room_semicircle,
          nicolae_vaults_asterisk, vaults_room_pools,
          vaults_room_stairs_pillars, v_pattern_2, grunt_vaults_funnel,
          ontoclasm_vaults_chip, nicolae_vaults_windows_and_doors_thing,
          layout_vaults_omnigrid, serial_shops, nicolae_shop_behind_doors
Vaults:4: nicolae_vaults_know_your_exits, v_misc_14,
          nicolae_vaults_mini_display_case, dpeg_vaults_monster_box,
          vaults_room_fours, v_rooms_3, nicolae_vaults_twisting_passages,
          v_misc_4, layout_vaults_big_room, serial_shops, shop, uniq_aizul,
          uniq_mara
Depths:1: layout_gridlike, serial_shops, nicolae_shop_trees, grunt_hell_horde,
          minmay_misc_feat_ornament, serial_sigils_hangedman_scar,
          guppyfry_shop_venom, serial_bayou_shore_b, serial_bayou_shore_b
Depths:2: minmay_quarter_circles, layout_gridville, enter_ziggurat_b,
          hell_entry, abyss_entry_small_statue_room, hex_large,
          grunt_guarded_unrand_obsidian_axe

Skill      XL: |  1  2  3  4  5  6  7  8  9 10 11 12 13 14 15 16 17 18 19 20 21 |
---------------+----------------------------------------------------------------+-----
Fighting       | 3 4 5 6 8 11 13 14 | 14.9
Unarmed Combat | 4 5 6 7 8 10 12 14 15 16 18 20 | 20.0
Throwing       | 1 2 3 4 5 6 7 8 10 | 10.0
Armour         | 3 4 6 8 9 10 | 10.4
Hexes          | 1 3 |  3.3
Shields        | 3 9 13 15 | 15.0
Stealth        | 0 |  0.0
Dodging        | 3 6 7 8 9 10 | 10.4
Translocations | 4 5 |  5.7
Spellcasting   | 3 4 |  4.2

Action                   |  1- 3 |  4- 6 |  7- 9 | 10-12 | 13-15 | 16-18 | 19-21 || total
-------------------------+-------+-------+-------+-------+-------+-------+-------++-------
Melee: Unarmed           |    85 |   141 |   344 |  1007 |  1308 |  1740 |  1340 ||  5965
       Punch             |     1 |     2 |     9 |    22 |       |       |       ||    34
Throw: Javelin           |       |     4 |     3 |     2 |    10 |     8 |       ||    27
       Large rock        |       |       |     3 |     9 |    26 |   123 |     7 ||   168
       Dart              |       |       |       |    21 |       |       |       ||    21
       Boomerang         |       |       |       |       |     2 |    25 |       ||    27
Invok: Sacrifice Artific |       |       |       |     1 |       |       |       ||     1
       Sacrifice Arcana  |       |       |       |     1 |       |       |       ||     1
       Reject Sacrifices |       |       |       |     1 |     1 |     2 |     1 ||     5
       Draw Out Power    |       |       |       |     1 |     2 |     1 |       ||     4
       Sacrifice Love    |       |       |       |     1 |       |       |       ||     1
       Power Leap        |       |       |       |       |     6 |     1 |       ||     7
       Sacrifice Stealth |       |       |       |       |     1 |       |       ||     1
       Sacrifice Essence |       |       |       |       |     2 |     1 |       ||     3
       Apocalypse        |       |       |       |       |     3 |     9 |     2 ||    14
  Use: Scroll            |       |    11 |     4 |    15 |     8 |     7 |     5 ||    50
       Potion            |       |       |     5 |     6 |     9 |     4 |     2 ||    26
 Stab: Sleeping          |     4 |     1 |     5 |     3 |     1 |       |       ||    14
       Distracted        |       |       |       |     8 |     8 |     3 |     6 ||    25
       Invisible         |       |       |       |     3 |     4 |    10 |    10 ||    27
       Paralysed         |       |       |       |       |     5 |    16 |     8 ||    29
  Eat: Chunk             |     8 |    21 |    31 |    74 |    84 |   108 |    66 ||   392
       Ration            |       |       |       |     2 |       |     1 |       ||     3
Armor: Robe              |    30 |    49 |   109 |    76 |       |       |       ||   264
       Acid dragon scale |       |       |       |   172 |   198 |   224 |    24 ||   618
       Fire dragon scale |       |       |       |       |       |       |    93 ||    93
Dodge: Dodged            |    45 |    56 |   149 |   281 |   304 |   489 |   316 ||  1640
Block: Large shield      |       |       |       |   379 |  1487 |  2130 |  1331 ||  5327

Table legend:
 A = Non-vault XP
 B = Vault XP
 C = Vault XP percentage of total XP
 D = Non-vault monster count
 E = Vault monster count
 F = Vault count percentage of total count
                 A         B        C        D         E       F
            +---------+---------+-------+---------+---------+-------
      Total |  393746 |  230390 |  36.9 |    1189 |     529 |  30.8
            +---------+---------+-------+---------+---------+-------
        D:1 |      41 |      14 |  25.5 |      25 |       8 |  24.2
        D:2 |     101 |       0 |   0.0 |      18 |       0 |   0.0
        D:3 |     210 |     272 |  56.4 |      31 |       1 |   3.1
        D:4 |     301 |      13 |   4.1 |      15 |       1 |   6.2
        D:5 |     792 |     751 |  48.7 |      15 |       2 |  11.8
        D:6 |    1269 |     230 |  15.3 |      30 |       2 |   6.2
        D:7 |    2227 |     746 |  25.1 |      30 |       2 |   6.2
        D:8 |    1059 |       2 |   0.2 |      23 |       2 |   8.0
        D:9 |    1018 |     159 |  13.5 |      18 |       1 |   5.3
       D:10 |    2198 |    1817 |  45.3 |      25 |       8 |  24.2
       D:11 |    3453 |    1991 |  36.6 |      25 |      34 |  57.6
       D:12 |    7772 |    4127 |  34.7 |      51 |      20 |  28.2
       D:13 |   13605 |    5243 |  27.8 |      47 |       9 |  16.1
       D:14 |    8945 |       0 |   0.0 |      46 |       0 |   0.0
       D:15 |   20712 |    7440 |  26.4 |      57 |       9 |  13.6
     Lair:1 |    3591 |     151 |   4.0 |      19 |       1 |   5.0
     Lair:2 |    3058 |       0 |   0.0 |      11 |       0 |   0.0
     Lair:3 |    5124 |     118 |   2.3 |      12 |       1 |   7.7
     Lair:4 |    7211 |    1769 |  19.7 |      34 |       2 |   5.6
     Lair:5 |    2831 |     176 |   5.9 |       9 |       4 |  30.8
     Lair:6 |   12592 |   10698 |  45.9 |      42 |      21 |  33.3
   Shoals:1 |   15352 |    2290 |  13.0 |      33 |       1 |   2.9
   Shoals:2 |   13733 |    3415 |  19.9 |      28 |       9 |  24.3
   Shoals:3 |   17688 |    3045 |  14.7 |      30 |       6 |  16.7
   Shoals:4 |   14269 |   21785 |  60.4 |      28 |      35 |  55.6
   Spider:1 |   17327 |    5734 |  24.9 |      41 |       5 |  10.9
   Spider:2 |   18041 |       0 |   0.0 |      52 |       0 |   0.0
   Spider:3 |   13862 |    4820 |  25.8 |      39 |       8 |  17.0
   Spider:4 |    8290 |   20731 |  71.4 |      23 |      39 |  62.9
      Orc:1 |    4341 |       0 |   0.0 |      31 |       0 |   0.0
      Orc:2 |    8869 |    6205 |  41.2 |      56 |      60 |  51.7
   Vaults:1 |   33634 |   25240 |  42.9 |      66 |      38 |  36.5
   Vaults:2 |   25075 |   13439 |  34.9 |      38 |      18 |  32.1
   Vaults:3 |   21777 |   19668 |  47.5 |      33 |      23 |  41.1
   Vaults:4 |   38729 |   32838 |  45.9 |      52 |      40 |  43.5
   Depths:1 |   32961 |   20312 |  38.1 |      42 |      27 |  39.1
   Depths:2 |   11688 |   14436 |  55.3 |      14 |      15 |  51.7
      Sewer |       0 |     182 | 100.0 |       0 |      38 | 100.0
    Ossuary |       0 |     533 | 100.0 |       0 |      39 | 100.0
            +---------+---------+-------+---------+---------+-------
